 Dungeon Sprint DCSS version 0.17-a0-1778-gd369669 (webtiles) character file.

4 KambridgeKobold the Skirmisher (level 1, -2/22 HPs)
             Began as a Minotaur Monk on Sept 8, 2015.
             Was a Believer of Ashenzari.
             Slain by a spriggan
             ... wielding a +0 rapier
              (3 damage)
             ... in the Dungeon (Sprint VII: "The Pits").
             The game lasted 00:03:02 (237 turns).

KambridgeKobold the Skirmisher (Minotaur Monk)       Turns: 237, Time: 00:03:02

Health: -2/22      AC:  2    Str: 15    XL:     1   Next: 58%
Magic:  0/0        EV: 13    Int:  7    God:    Ashenzari [**....]
Gold:   0          SH:  0    Dex: 12    Spells: 0 memorised, 0 levels left

rFire  . . .     SeeInvis .     v - +2 mace
rCold  . . .     Clarity  .     a - +0 robe
rNeg   . . .     SustAt   .     (no shield)
rPois  .         Gourm    .     (helmet restricted)
rElec  .         Spirit   .     (no cloak)
rCorr  .         Warding  .     (no gloves)
rMut   .         NoTele   +     (no boots)
MR     .....                    (no amulet)
Stlth  ++........               (no ring)
                                (no ring)

@: not resistant to hostile enchantments, unstealthy
A: retaliatory headbutt, horns 2
a: Scrying, Renounce Religion


You were in the Dungeon.
You worshipped Ashenzari.
Ashenzari was pleased with you.
You were not hungry.

You visited 1 branch

Inventory:

Hand weapons
 t - a +2 trident
 u - a +2 dagger
 v - a +2 mace (weapon)
 w - a +2 quarterstaff
 x - a +2 hand axe
 y - a +2 falchion
Armour
 a - a +0 robe (worn)
Magical staves
 q - an uncursed staff of energy
Scrolls
 h - a scroll of blinking
 m - 3 scrolls of curse armour
 n - 5 scrolls of amnesia
 o - a scroll of summoning
 p - 2 scrolls of vulnerability
 r - 3 scrolls of curse weapon
 s - a scroll of remove curse
Potions
 c - a potion of curing
 d - a potion of heal wounds
 e - a potion of haste
 f - 4 potions of magic
 g - 3 potions of berserk rage
 l - 2 potions of invisibility
Comestibles
 b - 8 bread rations
 i - 3 chunks of flesh
 j - 40 fruits
 k - 7 meat rations


   Skills:
 + Level 4.5 Fighting
 * Level 0.0 Maces & Flails
 + Level 4.2 Dodging
 - Level 1.5 Stealth
 - Level 4.3 Unarmed Combat


You couldn't memorise any spells.
You didn't know any spells.

Dungeon Overview and Level Annotations

Branches:
Dungeon (1/1)

Altars:
Ashenzari
Cheibriados
Dithmenos
Elyvilon
Fedhas
Gozag
Kikubaaqudgha
Makhleb
Nemelex Xobeh
Okawaru
Qazlal
Ru
Sif Muna
Trog
Vehumet
Xom
Yredelemnul
Zin
The Shining One
Beogh
Jiyva
Lugonu


Innate Abilities, Weirdness & Mutations

You reflexively headbutt those who attack you in melee.
You have a pair of horns on your head.


Message History

The orc wizard is moderately wounded.
You completely miss the large slime creature.
Your headbutt misses the large slime creature.
Two slime creatures merge to form an enormous slime creature.
The spriggan hits you with a rapier!
Ouch! That really hurt!
* * * LOW HITPOINT WARNING * * *
Two slime creatures merge to form a titanic slime creature.
The spriggan misses you.
There is a huge open gate to the Metal Vault (Medium) here.
The orc wizard gestures wildly while chanting.
The orc wizard blinks!
The spriggan closely misses you.
There is a huge open gate to the Metal Vault (Medium) here.
The orc wizard mumbles some strange words.
The orc wizard blinks!
A titanic slime creature splits.
The spriggan hits you with a rapier.
* * * LOW HITPOINT WARNING * * *
A slime creature suddenly becomes an enormous slime creature.
The spriggan hits you with a rapier.
You die...

############ #__________#
#__________#
#.#####'##############++######
#_#...'.'..##................#
#_#...#.#.(##......#..#......#
#######'#####................+
#...........'................+
#+#####'#####...@i.#..#......#
{{#รท..+.##........J.......#
#...#.#####'#####oJ###### **
#####.##.......##''##### {
.##.......##......#
.##.......##o.....# *
###...<...###.o..## #.......#
##oo## * #.......# ....# *


You could see an enormous slime creature, a slime creature, a spriggan and an
orc wizard.

Vanquished Creatures
  A bat zombie (D)
  2 jackals (D)
  A rat (D)
4 creatures vanquished.

Notes
Turn   | Place    | Note
--------------------------------------------------------------
     0 | D        | KambridgeKobold the Minotaur Monk began the quest for the Orb.
     0 | D        | Reached XP level 1. HP: 19/19 MP: 0/0
   117 | D        | Found a sacrificial altar of Ru.
   117 | D        | Found a shadowy altar of Dithmenos.
   117 | D        | Found a bloodstained altar of Trog.
   117 | D        | Found a deep blue altar of Sif Muna.
   117 | D        | Found a shimmering altar of Xom.
   117 | D        | Found a sparkling altar of Nemelex Xobeh.
   117 | D        | Found a corrupted altar of Lugonu.
   117 | D        | Found a viscous altar of Jiyva.
   118 | D        | Found a basalt altar of Yredelemnul.
   118 | D        | Found a glowing golden altar of the Shining One.
   118 | D        | Found a shattered altar of Ashenzari.
   118 | D        | Found a white marble altar of Elyvilon.
   118 | D        | Found a snail-covered altar of Cheibriados.
   118 | D        | Found a blossoming altar of Fedhas.
   118 | D        | Found a radiant altar of Vehumet.
   118 | D        | Found a burning altar of Makhleb.
   118 | D        | Found an ancient bone altar of Kikubaaqudgha.
   118 | D        | Found a glowing silver altar of Zin.
   118 | D        | Found a roughly hewn altar of Beogh.
   118 | D        | Found an iron altar of Okawaru.
   124 | D        | Found a stormy altar of Qazlal.
   124 | D        | Found an opulent altar of Gozag.
   139 | D        | Became a worshipper of Ashenzari the Shackled
   139 | D        | Acquired Ashenzari's first power
   139 | D        | Acquired Ashenzari's second power
   224 | D        | Noticed an orc wizard
   224 | D        | Noticed an orc wizard
   224 | D        | Noticed a slime creature
   224 | D        | Noticed a slime creature
   224 | D        | Noticed a slime creature
   224 | D        | Noticed a slime creature
   224 | D        | Noticed a slime creature
   224 | D        | Noticed a spriggan
   234 | D        | HP: 1/22 [spriggan/rapier (4)]
   237 | D        | Slain by a spriggan

Vault maps used:
D:        pitsprint

Action                   || total
-------------------------++-------
Melee: Unarmed           ||     8
       Mace              ||     3
 Stab: Sleeping          ||     2
